 Dungeon Crawl Stone Soup version 0.29.1-13-g9f3cf754e1 (webtiles) character file.

Game seed: 4041671554012237295

30 protoss039 the Digger (level 3, 0/26 HPs)
             Began as a Demonspawn Earth Elementalist on Feb 11, 2023.
             Succumbed to their own poison gas
             ... on level 2 of the Dungeon.
             The game lasted 00:02:24 (1244 turns).

protoss039 the Digger (DsEE)                        Turns: 1244, Time: 00:02:24

Health: 0/26       AC:  4    Str: 12    XL:     3   Next: 5%
Magic:  4/6        EV: 12    Int: 17    God:
Gold:   64         SH:  0    Dex: 12    Spells: 4/7 levels left

rFire   + . .      SeeInvis .   (no weapon)
rCold   . . .      Faith    .   (no shield)
rNeg    . . .      Spirit   .   a - +0 robe
rPois   .          Reflect  .   (no helmet)
rElec   .          Harm     .   (no cloak)
rCorr   .          Rampage  .   (no gloves)
Will    .....                   (no boots)
Stlth   ++........              (no amulet)
HPRegen 0.08/turn               (no ring)
MPRegen 0.10/turn               (no ring)

@: lethally poisoned (0 -> -3)
A: thin metallic scales 1, fire resistance 1, strong 1, wild magic 1
a: no special abilities


You were on level 2 of the Dungeon.
You visited 1 branch of the dungeon, and saw 2 of its levels.

You collected 64 gold pieces.

Inventory:

Armour
 a - a +0 robe (worn)
 c - a +0 pair of gloves
Scrolls
 h - a scroll of identify {unknown}
 i - a scroll of enchant weapon {unknown}
Potions
 b - a potion of magic


   Skills:
 + Level 1.3 Fighting
 - Level 1.7 Dodging
 - Level 1.7 Stealth
 + Level 2.5 Spellcasting
 - Level 0.8 Transmutations
 + Level 3.1 Earth Magic


You had 4 spell levels left.
You knew the following spells:

 Your Spells              Type           Power      Damage    Failure   Level
a - Sandblast             Erth           32%        2d9       8%          1
b - Passwall              Tmut/Erth      9%         N/A       17%         2

Your spell library contained the following spells:

 Spells                   Type           Power      Damage    Failure   Level
 Stone Arrow              Conj/Erth      18%        3d8       36%         3
 Petrify                  Tmut/Erth      11%        N/A       71%         4


Dungeon Overview and Level Annotations

Branches:
Dungeon (2/15) Zot: 10741

Altars:
Nemelex Xobeh

Annotations:
D:2 Robin


Innate Abilities, Weirdness & Mutations

You are partially covered in thin metallic scales. (AC +2)
Your flesh is heat resistant. (rF+)
Your muscles are strong. (Str +4, Int/Dex -1)
Your spells are a little harder to cast, but a little more powerful.


Message History

Press: ? - help, Shift-Dir - straight line, f - goblin
Aim: a goblin, wielding a +0 dagger (77% to hit)
The blast of sand hits the goblin.
You kill the goblin!
The hobgoblin hits you. Robin throws the goblin at you!
The goblin hits you but does no damage. The hobgoblin hits you.
Blink to where?
Press: ? - help, Dir - move target Really blink into that cloud of poison gas?
As you read the scroll labelled QOUVEF VU CENT, it crumbles to dust.
It was a scroll of blinking.
You are engulfed in poison gas.
You are poisoned.
* * * LOW HITPOINT WARNING * * *
You feel very sick.
Unknown command.
Press < or > to pray at altars.
Unknown command.
Press < or > to pray at altars.
* * * LOW HITPOINT WARNING * * *
You feel sick.
Unknown command.
It was a potion of mutation.
You feel extremely strange.
You feel stronger.
You feel resistant to heat.
You feel less in control of your magic.
* * * LOW HITPOINT WARNING * * *
You feel sick.
Unknown command.
Okay, then.
Okay, then.
You aren't carrying any items that you can evoke.
Okay, then.
You aren't carrying any pieces of jewellery.
Unknown command.
* * * LOW HITPOINT WARNING * * *
You feel sick.
* * * LOW HITPOINT WARNING * * *
You feel sick.
* * * LOW HITPOINT WARNING * * *
You feel sick.
You die...

.# ####.##### .#. .# #........#
#.# .# ###.##.###.# #.# '##
#........#.# #.# ..##
###.#.##.#.#.# #.#
†..###...#.#..#.#.#####.## .
....##.#.#.#.##.#.#..§§§.## g.
.....#.#.#.#.#.##.#..○○○§.####gg<
........†...<...@....☼○§§..gg'ggg
.....#.#.#.#.#.#..#..○☼§§.####gg.
....#...........#....§○°.## .r
...###.#.#.#.#.##.#####.## .
..###.............# #.# +##
##.#.#.#.#.#### #.# .#
#...........# #.# .#
##.#.#.#.#.## .####...........#


There were no monsters in sight!

Vanquished Creatures
  2 dart slugs
  3 ball pythons (D:1)
  An endoplasm (D:1)
  2 giant cockroaches
  5 goblins
  2 hobgoblins (D:1)
  2 jackals (D:1)
  4 frilled lizards
  3 rats
24 creatures vanquished.

Notes
Turn   | Place    | Note
-------+----------+-------------------------------------------
     0 | D:1      | protoss039 the Demonspawn Earth Elementalist began the
                  | quest for the Orb.
     0 | D:1      | Reached XP level 1. HP: 13/13 MP: 3/3
   402 | D:1      | Gained mutation: You are partially covered in thin metallic
                  | scales. (AC +2) [demonic ancestry]
   402 | D:1      | Reached XP level 2. HP: 20/20 MP: 1/5
   647 | D:1      | Reached skill level 1 in Fighting
   864 | D:1      | Reached skill level 3 in Earth Magic
  1024 | D:1      | Learned a level 2 spell: Passwall
  1165 | D:2      | Found a sparkling altar of Nemelex Xobeh.
  1233 | D:2      | Noticed Robin
  1235 | D:2      | Reached XP level 3. HP: 19/26 MP: 4/6
  1240 | D:2      | Gained mutation: Your muscles are strong. (Str +4, Int/Dex
                  | -1) [potion of mutation]
  1240 | D:2      | Gained mutation: Your flesh is heat resistant. (rF+)
                  | [potion of mutation]
  1240 | D:2      | Gained mutation: Your spells are a little harder to cast,
                  | but a little more powerful. [potion of mutation]
  1242 | D:2      | HP: 1/26 [poisoned by you (poison gas)]
  1244 | D:2      | Succumbed to their own poison gas

Illustrated notes

Levels and vault maps discovered:
D:1:      dpeg_arrival_leaves_temple_mockup, layout_basic
D:2:      layout_loops_corners, basic_altar,
          hellmonk_ecumenical_altar_leap_of_faith, serial_shops,
          nicolae_shop_window_shopping, st_stairs_10, uniq_crazy_yiuf_cottage,
          uniq_robin

Skill      XL: |  1  2 |
---------------+-------+-----
Fighting       | 1 |  1.3
Earth Magic    | 3 |  3.1
Dodging        | |  1.7
Stealth        | |  1.7
Spellcasting   | |  2.5
Transmutations | |  0.8

Action                   || total
-------------------------++-------
Melee: Unarmed           ||    14
 Cast: Sandblast         ||    30
  Use: Scroll            ||     3
       Potion            ||     1
 Stab: Sleeping          ||     1
Armor: Robe              ||    11
Dodge: Dodged            ||    27
